 Dungeon Crawl Stone Soup version 0.23.0 (webtiles) character file.

Game seed: 16846480814881642032

1459 Kairos the Shield-Bearer (level 8, -10/42 HPs)
             Began as a Vine Stalker Fighter on Feb 12, 2019.
             Was a Believer of Qazlal.
             Mangled by a hornet (11 damage)
             ... on level 6 of the Dungeon.
             The game lasted 00:09:12 (5668 turns).

Kairos the Shield-Bearer (Vine Stalker Fighter)     Turns: 5668, Time: 00:09:12

Health: -10/42     AC: 12    Str: 21    XL:     8   Next: 76%
Magic:  0/9        EV: 14    Int:  8    God:    Qazlal [**....]
Gold:   76         SH: 19    Dex: 23    Spells: 7/7 levels left

rFire    . . .     SeeInvis .   J - +1 war axe (flame)
rCold    . . .     Gourm    .   c - +0 shield
rNeg     . . .     Faith    .   b - +0 scale mail
rPois    +         Spirit   +   Q - +1 helmet
rElec    .         Reflect  +   g - +0 cloak
rCorr    .         Harm     .   s - +1 pair of gloves
MR       +....                  (no boots)
Stlth    ++........             m - +5 amulet of reflection
HPRegen  0.54/turn              q - ring of poison resistance
MPRegen  0.11/turn              O - +4 ring of dexterity

@: agile, lethally poisoned (-10 -> -11)
A: fangs 3, regeneration 1, magic shield, antimagic bite, no potion heal 3, rot
immunity
a: Upheaval, Renounce Religion


You were on level 6 of the Dungeon.
You worshipped Qazlal.
Qazlal was pleased with you.
You were not hungry.

You visited 1 branch of the dungeon, and saw 7 of its levels.

You collected 238 gold pieces.
You spent 162 gold pieces at shops.

Inventory:

Hand Weapons
 a - a +0 war axe
 n - a +0 mace of protection
 o - a +3 whip of draining
 I - a +2 vampiric trident
 J - a +1 war axe of flaming (weapon)
Missiles
 h - 8 javelins (quivered)
Armour
 b - a +0 scale mail (worn)
 c - a +0 shield (worn)
 g - a +0 cloak (worn)
 s - a +1 pair of gloves (worn)
 Q - a +1 helmet (worn)
Jewellery
 m - a +5 amulet of reflection (around neck)
 q - a ring of poison resistance (left hand)
 y - an uncursed amulet of magic regeneration
 E - an uncursed ring of magical power
 F - a +2 ring of intelligence
 H - a +3 ring of slaying
 N - an uncursed ring of wizardry
 O - a +4 ring of dexterity (right hand)
Wands
 i - a wand of digging (6)
 v - a wand of iceblast (22)
 z - a wand of flame (23)
Scrolls
 e - 3 scrolls of identify {unknown}
 j - 2 scrolls of teleportation
 k - 2 scrolls of amnesia
 l - 3 scrolls of fog {unknown}
 p - 2 scrolls of fear {unknown}
 r - a scroll of enchant weapon {unknown}
 D - a scroll of magic mapping {unknown}
 K - a scroll of blinking {unknown}
 M - 2 scrolls of remove curse {unknown}
Potions
 d - 3 potions of might
 t - a potion of agility
 u - a potion of lignification {unknown}
 w - a potion of degeneration {unknown}
 x - a potion of cancellation {unknown}
 A - 2 potions of ambrosia {unknown}
 B - 2 potions of brilliance {unknown}
 C - a potion of haste {unknown}
 G - 2 potions of mutation {unknown}
 L - a potion of curing {unknown}
 P - a potion of flight {unknown}
 R - a potion of heal wounds {unknown}
Comestibles
 f - 14 rations


   Skills:
 + Level 4.1 Fighting
 + Level 4.8(5.3) Axes
 + Level 3.1(4.4) Maces & Flails
 + Level 4.3 Armour
 + Level 2.2 Dodging
 + Level 2.0 Stealth
 + Level 5.5 Shields


You had 7 spell levels left.
You didn't know any spells.
Your spell library contained the following spells:

 Spells                   Type           Power        Failure   Level  Hunger
 Animate Skeleton         Necr           N/A          98%         1    ##.....
 Apportation              Tloc           #.....       98%         1    ##.....
 Confusing Touch          Hex            #.....       98%         1    ##.....
 Summon Small Mammal      Summ           #...         98%         1    ##.....
 Confuse                  Hex            #.......     100%        3    ####...
 Gell's Gravitas          Tloc           #.........   100%        3    ####...
 Petrify                  Tmut/Erth      #.......     100%        4    #####..
 Metabolic Englaciation   Hex/Ice        #.........   100%        5    ######.
 Yara's Violent Unravell  Hex/Tmut       #.........   100%        5    ######.


Dungeon Overview and Level Annotations

Branches:
Dungeon (7/15)
 Temple: D:4-7

Altars:
Ashenzari
Elyvilon
Fedhas
Makhleb
Okawaru
Qazlal
Trog
Uskayaw
Zin
The Shining One

Shops:
D:4 (

Annotations:
D:6 Prince Ribbit
D:7 Menkaure


Innate Abilities, Weirdness & Mutations

You have razor-sharp teeth.
Your natural rate of healing is unusually fast.
When hurt, damage is shared between your health and your magic reserves.
Your bite disrupts and absorbs the magic of your enemies.
Potions cannot restore your health.
You are immune to rotting.


Message History

The orc warrior convulses!
The hornet convulses!
Prince Ribbit convulses!
Your body is wracked with pain!
* * * LOW HITPOINT WARNING * * *
The hornet barely misses you. You block Prince Ribbit's attack.
There is a stone staircase leading up here.
You block the hornet's attack. You block Prince Ribbit's attack.
You block the orc warrior's attack.
You climb upwards.
There is a stone staircase leading down here.
The hornet stings you!
* * * LOW HITPOINT WARNING * * *
You are lethally poisoned!
It was a potion of agility.
You feel agile all of a sudden.
* * * LOW HITPOINT WARNING * * *
You feel sick. Prince Ribbit closely misses you. The hornet barely misses you.
You block Prince Ribbit's attack.
* * * LOW HITPOINT WARNING * * *
You feel sick. The hornet stings you!
You die...

......##........#
...>............#
.........#.....##
...............########
......................#
.....#.##.............#
...............>F.....#
...##....<.....y......#
......#..##...##@☼....#
.........#............#
..#.............#######
###.#.#.#.......#
..........).....#
###.#)#)##[.....#### #
#..)(.##>........# #
####.###.........# #
#.# #.........#


You could see Prince Ribbit and a hornet.

Vanquished Creatures
  Duvessa (D:5)
  A sky beast (D:7)
  A necrophage (D:5)
  2 phantoms (D:5)
  2 ogres
  A bullfrog (D:6)
  Dowan (D:5)
  A scorpion (D:4)
  A centaur skeleton (D:6)
  2 orc wizards
  3 orc priests (D:6)
  4 hounds
  2 iguanas (D:4)
  2 worker ants
  2 hound skeletons (D:6)
  A mummy (D:6)
  A howler monkey zombie (D:7)
  11 adders
  An ooze (D:2)
  4 worms
  A dart slug (D:1)
  2 leopard geckos
  20 orcs
  2 giant cockroaches (D:1)
  5 goblins
  7 hobgoblins
  6 jackals
  5 quokkas
  5 bats
  6 frilled lizards
  A hobgoblin zombie (D:6)
  9 kobolds
  2 kobold zombies (D:6)
  A leopard gecko skeleton (D:4)
  An orc zombie (D:6)
  12 rats
129 creatures vanquished.

Notes
Turn   | Place    | Note
-------+----------+-------------------------------------------
     0 | D:1      | Kairos the Vine Stalker Fighter began the quest for the
                  | Orb.
     0 | D:1      | Reached XP level 1. HP: 11/11 MP: 2/2
   102 | D:1      | Reached XP level 2. HP: 13/16 MP: 3/3
   386 | D:1      | Reached skill level 3 in Shields
   457 | D:1      | Reached XP level 3. HP: 20/20 MP: 4/4
  1036 | D:2      | Gained mutation: Your natural rate of healing is unusually
                  | fast. [Vine Stalker growth]
  1036 | D:2      | Reached XP level 4. HP: 21/24 MP: 5/5
  1701 | D:3      | Found a shattered altar of Ashenzari.
  1701 | D:3      | Found a glowing silver altar of Zin.
  1702 | D:3      | Found a stormy altar of Qazlal.
  1760 | D:3      | Became a worshipper of Qazlal Stormbringer
  1822 | D:3      | Reached XP level 5. HP: 6/28 MP: 2/6
  2012 | D:3      | Noticed an ogre
  2025 | D:3      | Killed an ogre
  2025 | D:3      | Reached XP level 6. HP: 32/32 MP: 7/7
  2059 | D:3      | Found a glowing golden altar of the Shining One.
  2091 | D:3      | Found an iron altar of Okawaru.
  2662 | D:4      | Reached skill level 1 in Dodging
  2662 | D:4      | Reached skill level 1 in Stealth
  2836 | D:4      | Found Wowo's Antique Weapon Shoppe.
  2848 | D:4      | Reached * piety under Qazlal
  3073 | D:4      | Found a hide-covered altar of Uskayaw.
  3075 | D:4      | Noticed a +0 dagger
  3075 | D:4      | Noticed a +3 dagger
  3104 | D:4      | Reached skill level 1 in Maces & Flails
  3203 | D:5      | Entered Level 5 of the Dungeon
  3274 | D:5      | Noticed Dowan
  3289 | D:5      | Killed Dowan
  3289 | D:5      | Reached skill level 4 in Shields
  3289 | D:5      | Reached XP level 7. HP: 36/36 MP: 8/8
  3293 | D:5      | Noticed Duvessa
  3313 | D:5      | Killed Duvessa
  3667 | D:4      | Bought a runed war axe for 162 gold pieces
  3690 | D:5      | Gained mutation: You have razor-sharp teeth. [Vine Stalker
                  | growth]
  3690 | D:5      | Reached XP level 8. HP: 42/42 MP: 9/9
  4102 | D:5      | Found a white marble altar of Elyvilon.
  4363 | D:6      | Reached skill level 5 in Shields
  4795 | D:6      | Found a bloodstained altar of Trog.
  4795 | D:6      | Found a burning altar of Makhleb.
  4849 | D:6      | Reached ** piety under Qazlal
  5647 | D:7      | Found a blossoming altar of Fedhas.
  5650 | D:7      | Noticed Menkaure
  5652 | D:7      | Noticed a hornet
  5657 | D:7      | Noticed Prince Ribbit
  5666 | D:6      | HP: 2/42 [hornet (7)]
  5668 | D:6      | Mangled by a hornet

Skill      XL: |  1  2  3  4  5  6  7  8 |
---------------+-------------------------+-----
Fighting       | 3 4 |  4.1
Shields        | 3 4 5 |  5.5
Axes           | 2 3 4 |  4.8
Armour         | 3 4 |  4.3
Dodging        | 1 2 |  2.2
Stealth        | 1 2 |  2.0
Maces & Flails | 1 2 3 |  3.1

Action                   |  1- 3 |  4- 6 |  7- 9 || total
-------------------------+-------+-------+-------++-------
Melee: War axe           |    80 |    68 |    88 ||   236
       Bite              |    28 |    35 |    37 ||   100
       Whip              |       |    53 |    44 ||    97
  Use: Scroll            |     2 |       |     1 ||     3
       Potion            |       |       |     1 ||     1
  Eat: Chunk             |       |     8 |     4 ||    12
       Ration            |       |       |     2 ||     2
Armor: Scale mail        |    28 |    34 |    37 ||    99
Dodge: Dodged            |    24 |    26 |    41 ||    91
Block: Shield            |    33 |    62 |   125 ||   220
       Reflection        |       |     1 |       ||     1
